 Dungeon Crawl Stone Soup version 0.18.1-48-g4cf74bf (webtiles) character file.

117 djnw the Caller (level 4, -2/30 HPs)
             Began as a Mummy Summoner on Aug 21, 2016.
             Slain by PeterMcNeter's ghost (7 damage)
             ... on level 3 of the Dungeon.
             The game lasted 00:21:04 (2605 turns).

djnw the Caller (Mummy Summoner)                    Turns: 2605, Time: 00:21:05

Health: -2/30      AC:  5    Str: 11    XL:     4   Next: 71%
Magic:  0/9        EV: 12    Int: 15    God:
Gold:   75         SH:  0    Dex: 12    Spells: 3 memorised, 3 levels left

rFire  x . .     SeeInvis .     h - +0 dagger (freeze)
rCold  + . .     Gourm    .     a - +0 robe
rNeg   + + +     Faith    .     (no shield)
rPois  ∞         Spirit   .     (no helmet)
rElec  .         Dismiss  .     c - +0 cloak
rCorr  .         Reflect  .     d - +1 pair of gloves (curse)
SustAt .         Harm     .     (no boots)
MR     .....                    (no amulet)
Stlth  ++........               (no ring)
                                (no ring)

@: not resistant to hostile enchantments, unstealthy
A: no food or potions, fire vulnerability, cold resistance 1, negative energy
resistance 3, torment resistance, unbreathing
a: no special abilities


You were on level 3 of the Dungeon.
You were not hungry.

You visited 1 branch of the dungeon, and saw 3 of its levels.

You collected 75 gold pieces.

Inventory:

Hand Weapons
 h - a +0 dagger of freezing (weapon)
Armour
 a - a +0 robe (worn)
 c - a +0 cloak (worn)
 d - a cursed +1 pair of gloves (worn)
Scrolls
 e - 4 scrolls of identify
 f - 2 scrolls of enchant weapon
 g - a scroll of blinking
Books
 b - a book of Callings

   Spells                             Type                      Level
   a - Summon Small Mammal            Summoning                    1
   b - Call Imp                       Summoning                    2
   c - Call Canine Familiar           Summoning                    3
   d - Summon Guardian Golem          Hexes/Summoning              3
   e - Summon Lightning Spire         Summoning/Air                4
   f - Summon Ice Beast               Ice/Summoning                4


   Skills:
 - Level 1.8 Dodging
 - Level 1.6 Stealth
 + Level 3.3 Spellcasting
 + Level 4.2 Summonings


You had 3 spell levels left.
You knew the following spells:

 Your Spells              Type           Power        Failure   Level  Hunger
a - Summon Small Mammal   Summ           ###.         3%          1    N/A
b - Call Imp              Summ           ###.....     6%          2    N/A
c - Call Canine Familiar  Summ           ###.....     12%         3    N/A

Dungeon Overview and Level Annotations

Branches:
Dungeon (3/15)

Altars:
Nemelex Xobeh

Annotations:
D:3 PeterMcNeter's ghost, amateur TrTm


Innate Abilities, Weirdness & Mutations

You do not eat or drink.
Your flesh is vulnerable to fire.
You are immune to poison.
Your flesh is cold resistant.
You are immune to negative energy.
You are immune to unholy pain and torment.
You can survive without breathing.


Message History

The orc wizard is severely wounded.
The orc wizard hits your hound with a dagger.
Your hound closely misses the orc wizard.
The orc wizard hits you with a dagger.
Your white imp hits the orc wizard but does no damage.
You hit the orc wizard but do no damage.
The orc wizard is severely wounded.
The orc wizard hits your hound but does no damage.
Your hound closely misses the orc wizard.
The orc wizard gestures at you while chanting.
The magic dart hits you!
* * * LOW HITPOINT WARNING * * *
The orc wizard hits your hound with a dagger.
Your hound dies!
Your hound's corpse disappears in a puff of smoke!
The orc wizard gestures wildly while chanting.
The orc wizard blinks!
Your white imp disappears in a puff of smoke!
PeterMcNeter's ghost hits you!
You die...

+.......5.'ooo...
#........5###....
#.......## #
##.....##
#####...###
#.........#
#.####.##5#
#W##.# ##@##.# #
##..o[§#
##.##...ro.#
...........#
##%........#
######.#......
#.####### #†# #†#


You could see 2 orc wizards, PeterMcNeter's ghost and a friendly quokka.

Vanquished Creatures
  A gnoll (D:2)
  An adder (D:3)
  An ooze (D:2)
  3 giant cockroaches
  4 goblins
  4 hobgoblins
  4 kobolds
  A quokka (D:3)
  7 bats
  A giant newt (D:1)
  4 rats
31 creatures vanquished.

Vanquished Creatures (collateral kills)
  An orc priest (D:3)
  2 adders (D:3)
  2 oozes
  A worm (D:2)
  3 dart slugs
  A giant gecko (D:3)
  An orc (D:3)
  3 goblins (D:1)
  9 hobgoblins
  3 jackals (D:2)
  8 kobolds
  7 bats
  2 giant newts
  A rat (D:1)
44 creatures vanquished.

Grand Total: 75 creatures vanquished

Notes
Turn   | Place    | Note
--------------------------------------------------------------
     0 | D:1      | djnw the Mummy Summoner began the quest for the Orb.
     0 | D:1      | Reached XP level 1. HP: 13/13 MP: 3/3
   385 | D:1      | Reached XP level 2. HP: 9/19 MP: 1/5
   548 | D:1      | Learned a level 2 spell: Call Imp
   900 | D:1      | Reached XP level 3. HP: 15/24 MP: 3/6
   905 | D:1      | Learned a level 3 spell: Call Canine Familiar
  1944 | D:3      | Reached XP level 4. HP: 30/30 MP: 6/8
  2185 | D:3      | Reached skill level 4 in Summonings
  2257 | D:3      | Found a sparkling altar of Nemelex Xobeh.
  2593 | D:3      | Noticed PeterMcNeter's ghost (amateur TrTm)
  2605 | D:3      | Slain by PeterMcNeter's ghost

Skill      XL: |  1  2  3  4 |
---------------+-------------+-----
Spellcasting   | 3 |  3.3
Summonings     | 4 |  4.2
Dodging        | |  1.8
Stealth        | |  1.6

Action                   |  1- 3 |  4- 6 || total
-------------------------+-------+-------++-------
Melee: Whip              |    40 |       ||    40
       Dagger            |    53 |    47 ||   100
 Cast: Summon Small Mamm |    27 |     1 ||    28
       Call Imp          |    18 |     9 ||    27
       Call Canine Famil |     2 |     1 ||     3
  Use: Scroll            |     9 |       ||     9
 Stab: Sleeping          |     1 |       ||     1
Armor: Robe              |    32 |    32 ||    64
Dodge: Dodged            |    74 |    26 ||   100
